 Dungeon Crawl Stone Soup version 0.18-a0-900-gbbf5c82 (webtiles) character file.

255 deanyohobro the Shield-Bearer (level 6, -15/51 HPs)
             Began as a Formicid Fighter on Dec 24, 2015.
             Killed from afar by a goblin (20 damage)
             ... with a wand of draining
             ... on level 3 of the Dungeon.
             The game lasted 00:05:24 (3328 turns).

deanyohobro the Shield-Bearer (Formicid Fighter)    Turns: 3328, Time: 00:05:25

Health: -15/51     AC:  4    Str: 22    XL:     6   Next: 38%
Magic:  6/6        EV:  9    Int:  8    God:
Gold:   211        SH: 11    Dex: 10    Spells: 0 memorised, 5 levels left

rFire  . . .     SeeInvis +     q - -3 whip (curse)
rCold  . . .     Gourm    .     j - +0 leather armour (curse)
rNeg   . . .     Faith    .     c - +1 shield
rPois  .         Spirit   .     (helmet unavailable)
rElec  .         Dismiss  .     (no cloak)
rCorr  .         Reflect  .     g - +0 pair of gloves
SustAt .         Harm     .     (no boots)
MR     .....                    (no amulet)
Stlth  +.........               (no ring)
                                (no ring)

@: drained, not resistant to hostile enchantments, very unstealthy
A: permanent stasis, dig shafts and tunnels, four strong arms, antennae 3
a: Dig, Shaft Self


You were on level 3 of the Dungeon.
You were not hungry.

You visited 1 branch of the dungeon, and saw 3 of its levels.

You collected 211 gold pieces.

Inventory:

Hand Weapons
 a - a +0 trident
 q - a cursed -3 whip (weapon)
Armour
 b - a +0 scale mail
 c - a +1 shield (worn)
 g - a +0 pair of gloves (worn)
 i - a +0 plate armour
 j - a cursed +0 leather armour (worn)
Scrolls
 e - a scroll of identify
 h - 2 scrolls of enchant armour
 n - 3 scrolls of teleportation
Potions
 m - a potion of haste
Comestibles
 f - a bread ration


   Skills:
 + Level 5.5(4.4) Fighting
 - Level 2.0(0.9) Polearms
 - Level 3.2(2.2) Armour
 + Level 6.3(5.1) Shields


You had 5 spell levels left.
You didn't know any spells.

Dungeon Overview and Level Annotations

Branches:
Dungeon (3/15)

Altars:
Yredelemnul


Innate Abilities, Weirdness & Mutations

You are under a permanent stasis effect.
You can dig through walls and to a lower floor.
Your four strong arms can wield two-handed weapons with a shield.
You have a pair of large antennae on your head (SInv).


Message History

The hobgoblin closely misses you.
You hit the hobgoblin but do no damage.
The hobgoblin is almost dead.
The hobgoblin hits you but does no damage.
You closely miss the hobgoblin.
The hobgoblin is almost dead.
The hobgoblin closely misses you.
You hit the hobgoblin.
You kill the hobgoblin!
The goblin zaps a wand.
The bolt of negative energy misses the hobgoblin.
The bolt of negative energy hits you!
You feel drained.
* * * LOW HITPOINT WARNING * * *
It is a wand of draining.
The goblin zaps a wand.
The bolt of negative energy hits the hobgoblin.
The hobgoblin is drained!
The hobgoblin dies!
The bolt of negative energy hits you!
You feel drained.
You die...

....{............ ....
.......(.######## #..
.....#.## # ##.. ..##
#.#######.###. #...
#.)g)g........ ....
{#.####.##.### #... #.#
#)##.# #.#...##... #.#
#.##.# #.#...##... #.#
#@##.# #.#...##... #.#
#.##.# #.#..< .... #.#
#.##.# #.#..# #... #.#
#.##.# #.#..# #...
#.####.##.###.#..###...
#)............#........
######.##.###..........
#.................
###...............


You could see a goblin.

Vanquished Creatures
  An orc wizard (D:3)
  Ijyb (D:3)
  An orc priest (D:3)
  Terence (D:2)
  Robin (D:3)
  4 adders
  An ooze (D:1)
  4 worms
  A giant gecko (D:1)
  15 orcs (D:3)
  5 bats
  A giant cockroach (D:1)
  13 goblins
  7 hobgoblins
  5 jackals (D:1)
  5 giant newts
  4 kobolds
  3 rats
73 creatures vanquished.

Vanquished Creatures (others)
  A hobgoblin (D:3)
1 creature vanquished.

Grand Total: 74 creatures vanquished

Notes
Turn   | Place    | Note
--------------------------------------------------------------
     0 | D:1      | deanyohobro the Formicid Fighter began the quest for the Orb.
     0 | D:1      | Reached XP level 1. HP: 18/18 MP: 1/1
    32 | D:1      | Reached XP level 2. HP: 14/24 MP: 2/2
    38 | D:1      | Reached skill level 4 in Shields
   395 | D:1      | Reached XP level 3. HP: 30/30 MP: 3/3
   897 | D:2      | Noticed Terence
   921 | D:2      | Killed Terence
   921 | D:2      | Reached XP level 4. HP: 16/37 MP: 4/4
   942 | D:2      | Reached skill level 5 in Shields
  1808 | D:2      | Reached XP level 5. HP: 39/43 MP: 5/5
  2149 | D:3      | Found a faded altar to an unknown god.
  2313 | D:3      | Reached skill level 5 in Fighting
  2812 | D:3      | Reached XP level 6. HP: 51/51 MP: 6/6
  3015 | D:3      | Found a basalt altar of Yredelemnul.
  3021 | D:3      | Noticed Ijyb
  3041 | D:3      | Killed Ijyb
  3041 | D:3      | Reached skill level 6 in Shields
  3242 | D:3      | Noticed Robin
  3310 | D:3      | Killed Robin
  3328 | D:3      | Killed from afar by a goblin

Vault maps used:
D:1:      lemuel_arrival_river_ford, roderic_lattice_a
D:2:      small_statue_intersection, uniq_terence
D:3:      minmay_door_path, overflow_temple_1_default,
          yredelemnul_altar_generic, grunt_dithmenos_smoke_and_mirrors,
          ecumenical_altar_2, uniq_robin, uniq_iyjb

Action                   |  1- 3 |  4- 6 || total
-------------------------+-------+-------++-------
Melee: Trident           |    86 |   159 ||   245
       Whip              |       |    71 ||    71
  Use: Scroll            |       |     4 ||     4
       Potion            |       |     4 ||     4
 Stab: Sleeping          |       |     1 ||     1
  Eat: Chunk             |       |     4 ||     4
       Bread ration      |       |     1 ||     1
